 Dungeon Crawl Stone Soup version 0.25-a0-443-gece2dee8bd (webtiles) character file.

Game seed: 11315251027598504843, levelgen mode: deterministic

2 BeastOfSaturn the Vexing (level 1, -1/13 HPs)
             Began as a Demonspawn Enchanter on Jan 29, 2020.
             Slain by a kobold (4 damage)
             ... on level 1 of the Dungeon on Jan 30, 2020.
             The game lasted 00:02:43 (70 turns).

BeastOfSaturn the Vexing (Demonspawn Enchanter)       Turns: 70, Time: 00:02:43

Health: -1/13      AC:  5    Str:  8    XL:     1   Next: 33%
Magic:  3/3        EV: 10    Int: 16    God:
Gold:   0          SH:  0    Dex: 13    Spells: 3/4 levels left

rFire    . . .     SeeInvis .   a - +1 dagger
rCold    . . .     Gourm    .   (no shield)
rNeg     . . .     Faith    .   c - +0 ring mail
rPois    .         Spirit   .   (no helmet)
rElec    .         Reflect  .   (no cloak)
rCorr    .         Harm     .   (no gloves)
MR       .....                  (no boots)
Stlth    +.........             (no amulet)
HPRegen  0.04/turn              (no ring)
MPRegen  0.08/turn              (no ring)

@: no status effects
A: no striking features
a: no special abilities


You were on level 1 of the Dungeon.
You were not hungry.

You visited 1 branch of the dungeon, and saw 1 of its levels.

Inventory:

Hand Weapons
 a - a +1 dagger (weapon)
Armour
 b - a +0 robe
 c - a +0 ring mail (worn)
Comestibles
 d - a ration


   Skills:
 + Level 0.8 Short Blades
 + Level 1.9 Dodging
 - Level 2.6 Stealth
 + Level 2.0 Spellcasting
 + Level 3.1 Hexes


You had 3 spell levels left.
You knew the following spells:

 Your Spells              Type           Power        Failure   Level  Hunger
a - Corona                Hex            ##.....      19%         1    #......

Your spell library contained the following spells:

 Spells                   Type           Power        Failure   Level  Hunger
 Ensorcelled Hibernation  Hex/Ice        #.....       45%         2    ###....
 Confusing Touch          Hex            ##......     47%         3    ###....
 Tukima's Dance           Hex            ##......     47%         3    ###....
 Dazzling Flash           Conj/Hex       #.....       71%         3    ###....


Dungeon Overview and Level Annotations

Branches:
Dungeon (1/15)

Altars:


Message History

You see here a stone.
The kobold throws a stone.
The stone closely misses you. The bat hits you but does no damage.
The kobold misses you.
You hit the kobold but do no damage. The bat hits you.
The kobold hits you but does no damage.
You hit the kobold but do no damage. The kobold hits you.
The bat barely misses you.
Your ring mail prevents you from hitting the kobold.
The bat barely misses you. The kobold hits you but does no damage.
You closely miss the kobold. The bat barely misses you. The kobold hits you.
You closely miss the kobold. The kobold hits you.
You miss the kobold. The kobold hits you.
You closely miss the kobold. The bat hits you but does no damage.
The kobold hits you.
* * * LOW HITPOINT WARNING * * *
You barely miss the kobold. The bat hits you but does no damage.
The kobold barely misses you.
Your ring mail prevents you from hitting the kobold.
The kobold hits you.
You die...

. #. #. .. .###
...#+##### .#K#......
.#@#.....! ######
.#b#..b(..
#....##.#(.#.. #
#....#..##.#.# .# .
#....#.# #.#.###.##..
#......###.#.#.......
#............#.......
#....#####...).......
#....# ####).......


You could see a bat and a kobold.

Vanquished Creatures
  2 hobgoblins (D:1)
2 creatures vanquished.

Notes
Turn   | Place    | Note
-------+----------+-------------------------------------------
     0 | D:1      | BeastOfSaturn the Demonspawn Enchanter began the quest for
                  | the Orb.
     0 | D:1      | Reached XP level 1. HP: 13/13 MP: 3/3
     0 | D:1      | Upgraded the game from 0.25-a0-435-g4b9beb1024 to
                  | 0.25-a0-443-gece2dee8bd
    70 | D:1      | Slain by a kobold

Levels and vault maps discovered:
D:1:      dpeg_arrival_tiny_d, layout_rooms, serial_curves, eino_curves_04,
          eino_curves_02, kennysheep_pointless_box

Action                   || total
-------------------------++-------
Melee: Dagger            ||    17
Armor: Ring mail         ||     5
Dodge: Dodged            ||    11

Table legend:
 A = Non-vault XP
 B = Vault XP
 C = Vault XP percentage of total XP
 D = Non-vault monster count
 E = Vault monster count
 F = Vault count percentage of total count
                 A         B        C        D         E       F
            +---------+---------+-------+---------+---------+-------
      Total |       4 |       0 |   0.0 |       2 |       0 |   0.0
            +---------+---------+-------+---------+---------+-------
        D:1 |       4 |       0 |   0.0 |       2 |       0 |   0.0
            +---------+---------+-------+---------+---------+-------
